BLB
WINDY CITY BLUES @ PHILADELPHIA FREEDOM
04/08/2060
 
TOP OF THE 1ST
Windy City Blues batting - Pitching for Philadelphia Freedom : RHP Maurice Frost
Pitching: RHP Maurice Frost
Batting: LHB Rafael Rutkowski 0-0: Ball
1-0: Fly out, F9 (Flyball, 89M, EV 88.1 MPH)
Batting: RHB Dulani Cherry 0-0: Ground out 4-3 (Groundball, 4, EV 103.8 MPH)
Batting: RHB Ezekiel Wolfson 0-0: Called Strike
0-1: Ball
1-1: Ball
2-1: Called Strike
2-2: Foul Ball, location: 2F
2-2: Foul Ball, location: 2F
2-2: Ball
3-2: Foul Ball, location: 2F
3-2: Strikes out swinging
Top of the 1st over - 0 runs, 0 hits, 0 errors, 0 left on base; Windy City 0 - Philadelphia 0
BOTTOM OF THE 1ST
Philadelphia Freedom batting - Pitching for Windy City Blues : RHP Riley Saakyan
Pitching: RHP Riley Saakyan
Batting: RHB Isaiah Thomas 0-0: Called Strike
0-1: Ball
1-1: Called Strike
1-2: Strikes out looking
Batting: LHB Amonte Raper 0-0: Ball
1-0: Called Strike
1-1: Foul Ball, location: 2F
1-2: Foul Ball, location: 2F
1-2: Foul Ball, location: 2F
1-2: Ball
2-2: SINGLE (Groundball, 34D, EV 101.2 MPH)
Batting: LHB Rob Morris 0-0: Swinging Strike
0-1: Ball
1-1: Ball
2-1: Fly out, F9 (Line Drive, 9S, EV 90.0 MPH)
Batting: LHB Marlon Johnson 0-0: Foul Ball, location: 2F
0-1: Ball
1-1: Swinging Strike
1-2: Ball
2-2: Strikes out swinging
Bottom of the 1st over - 0 runs, 1 hit, 0 errors, 1 left on base; Windy City 0 - Philadelphia 0
TOP OF THE 2ND
Windy City Blues batting - Pitching for Philadelphia Freedom : RHP Maurice Frost
Batting: RHB Ty Dec 0-0: Ball
1-0: Ground out 6-3 (Groundball, 6, EV 92.5 MPH)
Batting: RHB Corbin Herron 0-0: Ball
1-0: Foul Ball, location: 2F
1-1: Ball
2-1: Swinging Strike
2-2: Strikes out swinging
Batting: RHB Brad Castro 0-0: Ball
1-0: Called Strike
1-1: Swinging Strike
1-2: Ground out 1-3 (Groundball, 34S, EV 71.9 MPH)
Top of the 2nd over - 0 runs, 0 hits, 0 errors, 0 left on base; Windy City 0 - Philadelphia 0
BOTTOM OF THE 2ND
Philadelphia Freedom batting - Pitching for Windy City Blues : RHP Riley Saakyan
Batting: RHB Wellington Wingate 0-0: Ball
1-0: Ball
2-0: Ground out 5-3 (Groundball, 56, EV 77.5 MPH)
Batting: LHB Sage Emerson 0-0: Ball
1-0: Foul Ball, location: 2F
1-1: Foul Ball, location: 2F
1-2: Strikes out looking
Batting: RHB James Lester 0-0: Ball
1-0: Ball
2-0: Ball
3-0: Base on Balls
Batting: RHB Phillip Cox 0-0: Ball
1-0: Fielders Choice at 2nd, 6-4 (Groundball, 56, EV 79.4 MPH)
Bottom of the 2nd over - 0 runs, 0 hits, 0 errors, 1 left on base; Windy City 0 - Philadelphia 0
TOP OF THE 3RD
Windy City Blues batting - Pitching for Philadelphia Freedom : RHP Maurice Frost
Batting: RHB Freddy Mikulski 0-0: Foul Ball, location: 2F
0-1: Ball
1-1: Ball
2-1: Swinging Strike
2-2: Foul Ball, location: 2F
2-2: Ball
3-2: Strikes out swinging
Batting: RHB Adrien Jimenez 0-0: Foul Ball, location: 2F
0-1: Ball
1-1: Foul Ball, location: 2F
1-2: Ball
2-2: Ball
3-2: Foul Ball, location: 2F
3-2: DOUBLE (Line Drive, 78XD, EV 103.8 MPH)
Batting: RHB Jesse Dissen 0-0: Called Strike
0-1: Fly out, F8 (Flyball, 8LD, EV 100.0 MPH)
Batting: LHB Rafael Rutkowski 0-0: Ball
1-0: Foul Ball, location: 2F
1-1: Swinging Strike
1-2: Ball
2-2: Foul Ball, location: 2F
2-2: Ball
3-2: Strikes out swinging
Top of the 3rd over - 0 runs, 1 hit, 0 errors, 1 left on base; Windy City 0 - Philadelphia 0
BOTTOM OF THE 3RD
Philadelphia Freedom batting - Pitching for Windy City Blues : RHP Riley Saakyan
Batting: RHB Garret Connors 0-0: Called Strike
0-1: Foul Ball, location: 2F
0-2: Foul Ball, location: 2F
0-2: Ball
1-2: Strikes out swinging
Batting: RHB Isaiah Thomas 0-0: Called Strike
0-1: Swinging Strike
0-2: Strikes out swinging
Batting: LHB Amonte Raper 0-0: Called Strike
0-1: Ball
1-1: Ball
2-1: Called Strike
2-2: Ball
3-2: Foul Ball, location: 2F
3-2: Strikes out looking
Bottom of the 3rd over - 0 runs, 0 hits, 0 errors, 0 left on base; Windy City 0 - Philadelphia 0
TOP OF THE 4TH
Windy City Blues batting - Pitching for Philadelphia Freedom : RHP Maurice Frost
Batting: RHB Dulani Cherry 0-0: Called Strike
0-1: Fly out, F7 (Flyball, 78M, EV 91.9 MPH)
Batting: RHB Ezekiel Wolfson 0-0: Ball
1-0: Swinging Strike
1-1: Ground out 6-3 (Groundball, 6, EV 86.9 MPH)
Batting: RHB Ty Dec 0-0: Ball
1-0: Called Strike
1-1: Swinging Strike
1-2: Ball
2-2: SINGLE (Line Drive, 9S, EV 97.5 MPH)
Batting: RHB Corbin Herron 0-0: Called Strike
0-1: Called Strike
0-2: Ball
1-2: Ball
2-2: Ground out 6-3 (Groundball, 56, EV 101.9 MPH)
Top of the 4th over - 0 runs, 1 hit, 0 errors, 1 left on base; Windy City 0 - Philadelphia 0
BOTTOM OF THE 4TH
Philadelphia Freedom batting - Pitching for Windy City Blues : RHP Riley Saakyan
Batting: LHB Rob Morris 0-0: Ball
1-0: Ball
2-0: Foul Ball, location: 2F
2-1: Ball
3-1: SOLO HOME RUN (Flyball, 9D, EV 93.8 MPH), Distance : 369 ft
Batting: LHB Marlon Johnson 0-0: Swinging Strike
0-1: Ball
1-1: Called Strike
1-2: Foul Ball, location: 2F
1-2: Foul Ball, location: 2F
1-2: Strikes out looking
Batting: RHB Wellington Wingate 0-0: Swinging Strike
0-1: Ball
1-1: Swinging Strike
1-2: Foul Ball, location: 2F
1-2: Fly out, F8 (Flyball, 8LXD, EV 98.1 MPH)
Batting: LHB Sage Emerson 0-0: Called Strike
0-1: Ball
1-1: Swinging Strike
1-2: SINGLE (Groundball, 34D, EV 98.1 MPH)
Batting: RHB James Lester 0-0: Swinging Strike
0-1: Ball
1-1: Ball
2-1: Fly out, F8 (Line Drive, 8RD, EV 90.6 MPH)
Bottom of the 4th over - 1 run, 2 hits, 0 errors, 1 left on base; Windy City 0 - Philadelphia 1
TOP OF THE 5TH
Windy City Blues batting - Pitching for Philadelphia Freedom : RHP Maurice Frost
Batting: RHB Brad Castro 0-0: Swinging Strike
0-1: Ball
1-1: Foul Ball, location: 2F
1-2: Strikes out looking
Batting: RHB Freddy Mikulski 0-0: Ball
1-0: Foul Ball, location: 2F
1-1: Swinging Strike
1-2: SINGLE (Groundball, 4D, EV 105.6 MPH)
Batting: RHB Adrien Jimenez 0-0: Called Strike
0-1: Ball
1-1: Called Strike
1-2: SINGLE (Line Drive, 7LS, EV 90.0 MPH)
Freddy Mikulski to second
Batting: RHB Jesse Dissen 0-0: Ball
1-0: Swinging Strike
1-1: Ball
2-1: Ball
3-1: Swinging Strike
3-2: Ground out U3 (Groundball, 3S, EV 85.0 MPH)
Freddy Mikulski to third
Adrien Jimenez to second
Batting: LHB Rafael Rutkowski 0-0: Ball
1-0: Foul Ball, location: 2F
1-1: Foul Ball, location: 2F
1-2: Ball
2-2: Ball
3-2: Base on Balls
Batting: RHB Dulani Cherry 0-0: Swinging Strike
0-1: Foul Ball, location: 2F
0-2: Foul Ball, location: 2F
0-2: Ball
1-2: GRAND SLAM HOME RUN (Line Drive, 78XD, EV 98.8 MPH), Distance : 402 ft
Batting: RHB Ezekiel Wolfson 0-0: Called Strike
0-1: Foul Ball, location: 2F
0-2: Fly out, F7 (Flyball, 7S, EV 76.2 MPH)
Top of the 5th over - 4 runs, 3 hits, 0 errors, 0 left on base; Windy City 4 - Philadelphia 1
BOTTOM OF THE 5TH
Philadelphia Freedom batting - Pitching for Windy City Blues : RHP Riley Saakyan
Batting: RHB Phillip Cox 0-0: Ball
1-0: Ball
2-0: Called Strike
2-1: Ground out 3-1 (Groundball, 34S, EV 86.2 MPH)
Batting: RHB Garret Connors 0-0: Swinging Strike
0-1: Ball
1-1: Swinging Strike
1-2: Ball
2-2: Fly out, F7 (Flyball, 7LS, EV 76.2 MPH)
Batting: RHB Isaiah Thomas 0-0: Fly out, F5 (Popup, 5SF, EV 72.5 MPH)
Bottom of the 5th over - 0 runs, 0 hits, 0 errors, 0 left on base; Windy City 4 - Philadelphia 1
TOP OF THE 6TH
Windy City Blues batting - Pitching for Philadelphia Freedom : RHP Maurice Frost
Batting: RHB Ty Dec 0-0: Ball
1-0: Ground out 1-3 (Groundball, 13, EV 72.5 MPH)
Batting: RHB Corbin Herron 0-0: Ball
1-0: Foul Ball, location: 2F
1-1: Ball
2-1: Called Strike
2-2: SINGLE (Line Drive, 34D, EV 103.8 MPH)
Batting: RHB Brad Castro 0-0: Foul Ball, location: 2F
0-1: Ball
1-1: Fielders Choice at 2nd, 1-4 (Groundball, 25, EV 73.1 MPH)
Pitching: RHP Levi Quinn
Batting: RHB Freddy Mikulski 0-0: Ball
1-0: Foul Ball, location: 2F
1-1: Foul Ball, location: 2F
1-2: Foul Ball, location: 2F
1-2: Ball
2-2: Foul Ball, location: 2F
2-2: Foul Ball, location: 2F
2-2: Foul Ball, location: 2F
2-2: Fielders Choice at 2nd, U6 (Groundball, 6M, EV 82.5 MPH)
Top of the 6th over - 0 runs, 1 hit, 0 errors, 1 left on base; Windy City 4 - Philadelphia 1
BOTTOM OF THE 6TH
Philadelphia Freedom batting - Pitching for Windy City Blues : RHP Riley Saakyan
Pitching: RHP Shannon Hutchinson
Batting: LHB Amonte Raper 0-0: Ground out 4-3 (Groundball, 4, EV 90.6 MPH)
Batting: LHB Rob Morris 0-0: Foul Ball, location: 2F
0-1: Ball
1-1: Called Strike
1-2: Ball
2-2: Foul Ball, location: 2F
2-2: SINGLE (Line Drive, 56D, EV 96.2 MPH)
Batting: LHB Marlon Johnson 0-0: Ball
1-0: Called Strike
Rob Morris steals 2nd base
1-1: Foul Ball, location: 2F
1-2: Strikes out swinging
Batting: RHB Wellington Wingate 0-0: Ball
1-0: SINGLE (Groundball, 56D, EV 94.4 MPH)
Rob Morris to third
Runner from 3rd tries for Home, SAFE, throw by LF to home
Batting: LHB Sage Emerson 0-0: Called Strike
0-1: Ball
1-1: Ball
2-1: Called Strike
Wellington Wingate steals 2nd, throwing error, E2
Wellington Wingate to third
2-2: SINGLE (Groundball, 34D, EV 104.4 MPH)
Wellington Wingate scores
Batting: RHB James Lester 0-0: Called Strike
0-1: Ball
Sage Emerson is caught stealing 2nd base 2-4
Bottom of the 6th over - 2 runs, 3 hits, 1 error, 0 left on base; Windy City 4 - Philadelphia 3
TOP OF THE 7TH
Windy City Blues batting - Pitching for Philadelphia Freedom : RHP Levi Quinn
Batting: RHB Adrien Jimenez 0-0: Ball
1-0: Ball
2-0: Ball
3-0: Called Strike
3-1: Swinging Strike
3-2: Ground out 4-3 (Groundball, 4, EV 80.6 MPH)
Batting: RHB Jesse Dissen 0-0: Ball
1-0: Ball
2-0: Ball
3-0: Called Strike
3-1: Base on Balls
Batting: LHB Rafael Rutkowski 0-0: Called Strike
Jesse Dissen steals 2nd base (no throw)
0-1: Foul Ball, location: 2F
0-2: Ball
1-2: Ball
2-2: Foul Ball, location: 2F
2-2: Ball
3-2: Intentional Walk
Batting: RHB Dulani Cherry 0-0: Called Strike
0-1: SINGLE (Groundball, 4MD, EV 102.5 MPH)
Jesse Dissen to third
Rafael Rutkowski to second
Runner from 3rd tries for Home, SAFE, throw by CF to home
Batting: RHB Ezekiel Wolfson 0-0: Ball
1-0: Called Strike
1-1: Grounds into double play, 4-6-3 (Groundball, 4, EV 82.5 MPH)
Top of the 7th over - 1 run, 1 hit, 0 errors, 1 left on base; Windy City 5 - Philadelphia 3
BOTTOM OF THE 7TH
Philadelphia Freedom batting - Pitching for Windy City Blues : RHP Shannon Hutchinson
Batting: RHB James Lester 0-0: Called Strike
0-1: Ball
1-1: Ball
2-1: Foul Ball, location: 2F
2-2: SINGLE (Flyball, 8RS, EV 96.9 MPH)
Batting: RHB Phillip Cox 0-0: Called Strike
0-1: Swinging Strike
0-2: Foul Ball, location: 2F
0-2: Ball
1-2: Foul Ball, location: 2F
1-2: Foul Ball, location: 2F
1-2: Strikes out swinging
Batting: RHB Garret Connors 0-0: Ball
Wild Pitch!
James Lester to second
1-0: Fly out, F9 (Flyball, 9D, EV 95.0 MPH)
Runner from 2nd tags up, SAFE at 3rd, no throw by RF
Batting: RHB Isaiah Thomas 0-0: Swinging Strike
0-1: Foul Ball, location: 2F
0-2: Ball
1-2: Ball
2-2: Ball
3-2: Strikes out swinging
Bottom of the 7th over - 0 runs, 1 hit, 0 errors, 1 left on base; Windy City 5 - Philadelphia 3
TOP OF THE 8TH
Windy City Blues batting - Pitching for Philadelphia Freedom : RHP Levi Quinn
Batting: RHB Ty Dec 0-0: Ball
1-0: Fly out, F9 (Flyball, 9S, EV 90.0 MPH)
Batting: RHB Corbin Herron 0-0: Ball
1-0: Called Strike
1-1: Fly out, F6 (Popup, 5D, EV 55.0 MPH)
Batting: RHB Brad Castro 0-0: SINGLE (Line Drive, 89M, EV 98.1 MPH)
Pitching: RHP Erick Greenway
Batting: RHB Freddy Mikulski 0-0: DOUBLE (Line Drive, 9LD, EV 108.8 MPH)
Brad Castro to third
Batting: RHB Adrien Jimenez 0-0: Ball
1-0: Ball
2-0: Foul Ball, location: 2F
2-1: Foul Ball, location: 2F
2-2: Foul Ball, location: 2F
2-2: Strikes out swinging
Top of the 8th over - 0 runs, 2 hits, 0 errors, 2 left on base; Windy City 5 - Philadelphia 3
BOTTOM OF THE 8TH
Philadelphia Freedom batting - Pitching for Windy City Blues : RHP Shannon Hutchinson
Batting: LHB Amonte Raper 0-0: Ball
1-0: Called Strike
1-1: Fly out, F8 (Flyball, 8RD, EV 108.8 MPH)
Batting: LHB Rob Morris 0-0: Ball
1-0: Ball
2-0: Ball
3-0: Called Strike
3-1: Foul Ball, location: 2F
3-2: Base on Balls
Batting: LHB Marlon Johnson 0-0: Ball
1-0: 2-RUN HOME RUN (Flyball, 9D, EV 96.9 MPH), Distance : 363 ft
Pitching: LHP Cooper Ritchey
Batting: RHB Wellington Wingate 0-0: Ball
1-0: SINGLE (Groundball, 6S, EV 68.1 MPH) (infield hit)
Pinch Hitting: RHB Joseph Flynn 0-0: Called Strike
Pickoff Throw by Catcher to First - Error! E2
Wellington Wingate to second
0-1: Swinging Strike
0-2: Ball
1-2: Ball
2-2: Ball
3-2: Foul Ball, location: 2F
3-2: Strikes out swinging
Batting: RHB James Lester 0-0: Called Strike
0-1: Called Strike
0-2: SINGLE (Line Drive, 56D, EV 105.6 MPH)
Wellington Wingate to third
Runner from 3rd tries for Home, throw by LF and OUT! 7-2
Bottom of the 8th over - 2 runs, 3 hits, 1 error, 1 left on base; Windy City 5 - Philadelphia 5
TOP OF THE 9TH
Windy City Blues batting - Pitching for Philadelphia Freedom : RHP Erick Greenway
Now at 1B: Josh Frost
Batting: RHB Jesse Dissen 0-0: Ball
1-0: Foul Ball, location: 2F
1-1: Swinging Strike
1-2: Ball
2-2: Fly out, F9 (Flyball, 89D, EV 83.1 MPH)
Batting: LHB Rafael Rutkowski 0-0: Called Strike
0-1: Called Strike
0-2: Strikes out swinging
Batting: RHB Dulani Cherry 0-0: Called Strike
0-1: Ball
1-1: Ball
2-1: Fly out, F2 (Popup, 2LF, EV 96.9 MPH)
Top of the 9th over - 0 runs, 0 hits, 0 errors, 0 left on base; Windy City 5 - Philadelphia 5
BOTTOM OF THE 9TH
Philadelphia Freedom batting - Pitching for Windy City Blues : LHP Cooper Ritchey
Batting: RHB Phillip Cox 0-0: Ball
1-0: Called Strike
1-1: Swinging Strike
1-2: SINGLE (Groundball, 34D, EV 106.9 MPH)
Batting: RHB Garret Connors 0-0: Sac Bunt to 23 - play at first, batter OUT! 3-4
Phillip Cox to second
Batting: RHB Isaiah Thomas 0-0: Intentional Walk
Batting: LHB Amonte Raper 0-0: Swinging Strike
0-1: Ball
1-1: Ball
2-1: Foul Ball, location: 2F
2-2: Ball
3-2: Strikes out swinging
Batting: LHB Rob Morris 0-0: Ball
1-0: Called Strike
1-1: Ball
2-1: Ball
3-1: Base on Balls
Phillip Cox to third
Isaiah Thomas to second
Pinch Hitting: SHB Wes Johnson 0-0: Called Strike
0-1: Ball
1-1: GRAND SLAM HOME RUN (Flyball, 9D, EV 95.0 MPH), Distance : 365 ft
Bottom of the 9th over - 4 runs, 2 hits, 0 errors, 0 left on base; Windy City 5 - Philadelphia 9
Thursday, April 25th , 2024 - OOTP Baseball 23.10 Build 110